 Dungeon Crawl Stone Soup version 0.19.4-9-g45fd643 (webtiles) character file.

40602 Jynx the Bludgeoner (level 13, -2/126 HPs)
             Began as a Minotaur Fighter on Feb 20, 2017.
             Was the Champion of Okawaru.
             Killed from afar by a molten gargoyle (6 damage)
             ... with a bolt of magma
             ... on level 6 of the Lair of Beasts.
             The game lasted 00:30:04 (12150 turns).

Jynx the Bludgeoner (Minotaur Fighter)             Turns: 12150, Time: 00:30:06

Health: -2/126     AC: 21    Str: 26    XL:     13   Next: 75%
Magic:  11/12      EV:  2    Int:  5    God:    Okawaru [******]
Gold:   1299       SH:  0    Dex: 13    Spells: 0 memorised, 12 levels left

rFire  + . .     SeeInvis .     G - +2 great mace (crush)
rCold  . . .     Gourm    .     C - +7 ring mail of Magic {rF+ Slay+2}
rNeg   + + +     Faith    .     (shield currently unavailable)
rPois  ∞         Spirit   .     y - +2 hat
rElec  .         Reflect  .     m - +2 cloak
rCorr  .         Harm     .     Q - +0 pair of gloves {archery}
MR     .....                    (no boots)
Stlth  +.........               n - amulet of regeneration
                                A - +3 ring of strength
                                j - ring of poison resistance

@: petrified
A: retaliatory headbutt, horns 2
a: Heroism, Finesse, Renounce Religion


You were on level 6 of the Lair of Beasts.
You worshipped Okawaru.
Okawaru was exalted by your worship.
You were not hungry.

You visited 3 branches of the dungeon, and saw 19 of its levels.
You visited the Abyss 1 time.
You also visited: Volcano.

You collected 1299 gold pieces.

Inventory:

Hand Weapons
 p - a +6 flail of protection
 G - a +2 great mace of crushing (weapon)
 U - a +1 great mace of flaming
Armour
 m - a +2 cloak (worn)
 y - a +2 hat (worn)
 C - the +7 ring mail of Magic (worn) {rF+ Slay+2}
   (You found it on level 5 of the Dungeon)

   It affects your accuracy and damage with ranged weapons and melee attacks
   (+2).
   It protects you from fire.
 E - a +1 buckler of reflection
 Q - a +0 pair of gloves of archery (worn)
 T - a +2 plate armour of fire resistance
Jewellery
 j - a ring of poison resistance (left hand)
 n - an amulet of regeneration (around neck)
 A - a +3 ring of strength (right hand)
 O - an uncursed ring of positive energy
Wands
 g - a wand of digging (13/24)
 v - a wand of digging (14/24)
 w - a wand of enslavement (4/24)
Scrolls
 h - 2 scrolls of recharging
 q - a scroll of teleportation
 r - 4 scrolls of fog
 s - a scroll of amnesia
 u - 4 scrolls of fear
 B - a scroll of acquirement {unknown}
 K - 5 scrolls of remove curse
Potions
 a - 3 potions of ambrosia
 d - 4 potions of might
 e - 4 potions of heal wounds
 i - 8 potions of curing
 k - 2 potions of magic
 o - a potion of agility
 z - a potion of brilliance
 D - 2 potions of flight {unknown}
 H - a potion of cure mutation {unknown}
 I - 8 potions of berserk rage {unknown}
 J - 2 potions of resistance {unknown}
Comestibles
 b - 21 fruits
 f - 6 chunks of flesh
 l - 9 meat rations
 t - a royal jelly
 x - 5 bread rations
 F - 11 beef jerkies


   Skills:
 + Level 15.0 Fighting
 + Level 17.6 Maces & Flails
 + Level 11.5 Armour
 + Level 10.1 Dodging
 - Level 3.6 Shields


You had 12 spell levels left.
You didn't know any spells.

Dungeon Overview and Level Annotations

Branches:
Dungeon (12/15)            Temple (1/1) D:5            Lair (6/6) D:11
  Swamp (0/4) Lair:3       Spider (0/4) Lair:2        Slime (0/5) Lair:6
    Orc (0/2) D:9

Altars:
Ashenzari
Cheibriados
Dithmenos
Elyvilon
Fedhas
Gozag
Hepliaklqana
Kikubaaqudgha
Makhleb
Nemelex Xobeh
Okawaru
Qazlal
Ru
Sif Muna
Trog
Uskayaw
Vehumet
Xom
Yredelemnul
Zin
The Shining One
Beogh
Jiyva

Shops:
D:5 (   D:9 ?   D:11 (


Innate Abilities, Weirdness & Mutations

You reflexively headbutt those who attack you in melee.
You have a pair of horns on your head.


Message History

* * * LOW HITPOINT WARNING * * *
The fire crab claws you.
* * * LOW HITPOINT WARNING * * *
You are engulfed in flames.
You resist.
* * * LOW HITPOINT WARNING * * *
The black mamba bites you.
* * * LOW HITPOINT WARNING * * *
You feel like a meek peon again.
The black mamba bites you but does no damage.
The basilisk bites you.
* * * LOW HITPOINT WARNING * * *
The basilisk hisses menacingly.
The basilisk completely misses you. The fire crab bites you!
* * * LOW HITPOINT WARNING * * *
You are engulfed in flames!
You resist.
* * * LOW HITPOINT WARNING * * *
The fire crab claws you but does no damage.
The molten gargoyle blasts magma at you!
The bolt of magma hits you! You partially resist.
You die...

........P####≈§###.......[§..≈≈#
..........##§§≈§§##....††..#§.≈##
..........##≈§§§§§..#..≈§≈##§†.#.
PP.P....P## #§≈§.§##≈≈≈§§§≈≈...
.........# ##≈..§§≈≈≈≈§§§≈≈#..
.........# # ##..≈≈§≈######≈≈≈§.
.........##8#.#.†##≈≈## ##§≈≈#
.........# #...9t.#≈≈# #≈≈§≈
.........##8#..S@..#9#. .#§≈..
.P........# #..ll...§#.. ..#≈#.§
..........##.......≈.#... ..#§#..
.........####.....#≈§##.. .## ##.
.........# #......#§≈.# ##
.........#.........#§§§≈ #
.........#.......... §§≈ #≈
.........###........ .§≈ #≈§
....P....## ##≈


You could see a fire crab, a black mamba, 2 basilisks and a molten gargoyle.

Vanquished Creatures
  A lich (Abyss:1)
  A red draconian (Volcano)
  5 hydras
  An ogre mage (Volcano)
  A thrashing horror (Abyss:1)
  Sonja (D:11)
  2 sixfirhies (Abyss:1)
  An unseen horror (Abyss:1)
  4 hill giants
  2 oklob plants (Lair:4)
  A worldbinder (Abyss:1)
  A centaur zombie (D:11)
  8 elephants
  A cyclops (D:10)
  A smoke demon (Abyss:1)
  8 black mambas
  The ghost of GordonOverkill the Destroyer, a novice DEFE of Sif Muna (D:6)
  3 spiny frogs
  2 molten gargoyles (Lair:6)
  7 komodo dragons
  A jumping spider (Lair:2)
  5 two-headed ogres (Volcano)
  5 hippogriffs
  12 blink frogs
  17 yaks
  The ghost of vilekko the Skirmisher, an amateur MiFi (D:3)
  4 wyverns
  3 basilisks
  A hungry ghost (D:9)
  Grum (D:9)
  2 steam dragons (Lair:6)
  A neqoxec (Abyss:1)
  A mottled dragon (D:11)
  16 water moccasins
  4 hell hounds (Lair:6)
  A soldier ant (D:10)
  4 porcupines
  3 black bears
  5 orc warriors
  3 sky beasts
  4 ice beasts
  3 ogres
  A phantom (D:9)
  6 centaurs
  8 crocodiles
  10 wolves
  16 bullfrogs
  3 big kobolds
  Blork the orc (D:6)
  A gnoll sergeant (D:10)
  A wyvern zombie (D:9)
  3 scorpions
  8 wights (D:10)
  2 howler monkeys (D:9)
  3 electric eels (Lair:3)
  4 lava snakes (Lair:6)
  2 crimson imps
  3 hounds
  A quasit (D:8)
  8 orc priests
  2 jellies
  A gnoll shaman (D:3)
  A bullfrog skeleton (D:11)
  3 iguanas
  7 orc wizards
  6 worker ants
  A worker ant zombie (D:5)
  7 gnolls
  A howler monkey skeleton (D:11)
  9 adders
  4 shadow imps
  An ooze (D:1)
  4 worms
  A dart slug (D:1)
  5 leopard geckos
  58 orcs
  2 ball pythons
  A giant cockroach (D:2)
  4 goblins
  9 hobgoblins
  15 jackals
  8 bats
  4 frilled lizards
  25 kobolds
  2 leopard gecko zombies
  A quokka zombie (D:5)
  8 rats
  A plant (Lair:4)
421 creatures vanquished.

Vanquished Creatures (others)
  A basilisk (Lair:6)
1 creature vanquished.

Grand Total: 422 creatures vanquished

Notes
Turn   | Place    | Note
-------+----------+-------------------------------------------
     0 | D:1      | Jynx the Minotaur Fighter began the quest for the Orb.
     0 | D:1      | Reached XP level 1. HP: 19/19 MP: 0/0
   117 | D:1      | Reached XP level 2. HP: 21/27 MP: 1/1
   178 | D:1      | Reached skill level 3 in Maces & Flails
   579 | D:2      | Found a deep blue altar of Sif Muna.
   659 | D:2      | Reached XP level 3. HP: 32/33 MP: 2/2
   697 | D:2      | Found a shattered altar of Ashenzari.
   778 | D:2      | Reached skill level 4 in Maces & Flails
  1038 | D:3      | Found a hazy altar of Hepliaklqana.
  1099 | D:3      | Reached skill level 5 in Maces & Flails
  1099 | D:3      | Reached XP level 4. HP: 20/41 MP: 3/3
  1273 | D:3      | Found a snail-covered altar of Cheibriados.
  1273 | D:3      | Found a radiant altar of Vehumet.
  1278 | D:3      | Found a faded altar of an unknown god.
  1280 | D:3      | Found a faded altar of an unknown god.
  1282 | D:3      | Found a faded altar of an unknown god.
  1359 | D:3      | Noticed vilekko's ghost (amateur MiFi)
  1391 | D:3      | Reached XP level 5. HP: 47/47 MP: 4/4
  1681 | D:3      | Killed vilekko's ghost
  1681 | D:3      | Reached skill level 5 in Fighting
  1681 | D:3      | Reached skill level 6 in Maces & Flails
  1681 | D:3      | Reached XP level 6. HP: 45/56 MP: 5/5
  1922 | D:4      | Found a sparkling altar of Nemelex Xobeh.
  2137 | D:4      | Found a burning altar of Makhleb.
  2143 | D:4      | Reached skill level 7 in Maces & Flails
  2236 | D:5      | Entered Level 5 of the Dungeon
  2248 | D:5      | Found a staircase to the Ecumenical Temple.
  2269 | Temple   | Entered the Ecumenical Temple
  2384 | Temple   | Became a worshipper of Warmaster Okawaru
  2457 | D:5      | Found Suufuac's Weapon Boutique.
  2553 | D:5      | Reached XP level 7. HP: 63/63 MP: 6/6
  2728 | D:5      | Got an ichor-stained ring mail
  2739 | D:5      | Identified the +7 ring mail of Magic {rF+ Slay+2} (You found it on level 5 of the Dungeon)
  2915 | D:5      | Reached skill level 8 in Maces & Flails
  3208 | D:6      | Noticed Blork the orc
  3213 | D:6      | Killed Blork the orc
  3224 | D:6      | Noticed GordonOverkill's ghost (novice DEFE)
  3242 | D:6      | Killed GordonOverkill's ghost
  3242 | D:6      | Reached * piety under Okawaru
  3242 | D:6      | Reached skill level 9 in Maces & Flails
  3242 | D:6      | Reached XP level 8. HP: 68/73 MP: 7/7
  3345 | D:6      | Reached skill level 10 in Maces & Flails
  3641 | D:7      | Reached skill level 11 in Maces & Flails
  3826 | D:7      | Reached ** piety under Okawaru
  3872 | D:7      | Reached XP level 9. HP: 82/82 MP: 8/8
  3879 | D:7      | Found a shadowy altar of Dithmenos.
  4159 | D:8      | Reached skill level 12 in Maces & Flails
  4205 | D:8      | Noticed a hill giant
  4212 | D:8      | Killed a hill giant
  4212 | D:8      | Reached *** piety under Okawaru
  4240 | D:8      | Noticed a hill giant
  4240 | D:8      | Found a basalt altar of Yredelemnul.
  4245 | D:8      | Killed a hill giant
  4245 | D:8      | Reached skill level 10 in Fighting
  4245 | D:8      | Reached skill level 13 in Maces & Flails
  4485 | D:8      | Reached **** piety under Okawaru
  4494 | D:8      | Found a glowing silver altar of Zin.
  4494 | D:8      | Found an opulent altar of Gozag.
  4569 | D:8      | Reached XP level 10. HP: 94/94 MP: 9/9
  4688 | D:9      | Found a burning altar of Makhleb.
  4753 | D:9      | Reached skill level 14 in Maces & Flails
  4792 | D:9      | Noticed Grum
  4802 | D:9      | Killed Grum
  4902 | D:9      | Found Vafobav's Magic Scroll Shoppe.
  5013 | D:9      | Found a white marble altar of Elyvilon.
  5056 | D:9      | Found a roughly hewn altar of Beogh.
  5056 | D:9      | Found a staircase to the Orcish Mines.
  5114 | D:9      | Reached ***** piety under Okawaru
  5534 | D:10     | Entered Level 10 of the Dungeon
  5622 | D:10     | Reached skill level 15 in Maces & Flails
  5671 | D:10     | Reached skill level 1 in Dodging
  5722 | D:10     | Noticed a cyclops
  5731 | D:10     | Killed a cyclops
  5740 | D:10     | Noticed a hill giant
  5762 | D:10     | Killed a hill giant
  5945 | D:10     | Received a gift from Okawaru
  5989 | D:10     | Reached skill level 5 in Armour
  5996 | D:10     | Reached XP level 11. HP: 95/104 MP: 10/10
  6614 | D:11     | Found a staircase to the Lair.
  6646 | D:11     | Received a gift from Okawaru
  6755 | D:11     | Found Facutuq's Weapon Boutique.
  6887 | D:11     | Noticed a hill giant
  6898 | D:11     | Killed a hill giant
  6906 | D:11     | Noticed Sonja
  6911 | D:11     | Cast into level 1 of the Abyss (Sonja)
  6915 | Abyss:1  | Noticed a large abomination
  6925 | Abyss:1  | Found a burning altar of Makhleb.
  6929 | Abyss:1  | Found a burning altar of Makhleb.
  6979 | Abyss:1  | Noticed a thrashing horror
  6983 | Abyss:1  | Killed a thrashing horror
  6984 | Abyss:1  | Noticed a cacodemon
  6991 | Abyss:1  | Found a corrupted altar of Lugonu.
  6995 | Abyss:1  | Noticed a sixfirhy
  7010 | Abyss:1  | Killed a sixfirhy
  7055 | Abyss:1  | Killed an unseen horror
  7184 | Abyss:1  | Noticed a sixfirhy
  7190 | Abyss:1  | Killed a sixfirhy
  7190 | Abyss:1  | Reached skill level 5 in Dodging
  7233 | Abyss:1  | Noticed a lich
  7249 | Abyss:1  | Killed a lich
  7249 | Abyss:1  | Received a gift from Okawaru
  7249 | Abyss:1  | Received a gift from Okawaru
  7249 | Abyss:1  | Reached ****** piety under Okawaru
  7249 | Abyss:1  | Reached skill level 16 in Maces & Flails
  7254 | D:11     | Escaped the Abyss
  7289 | D:11     | Killed Sonja
  7471 | D:11     | Found a blossoming altar of Fedhas.
  7616 | D:11     | Noticed a five-headed hydra
  7624 | D:11     | Killed a five-headed hydra
  7624 | D:11     | Reached XP level 12. HP: 102/115 MP: 8/11
  7683 | Lair:1   | Entered Level 1 of the Lair of Beasts
  8910 | Lair:2   | Received a gift from Okawaru
  8958 | Lair:2   | Found a dark tunnel.
  8963 | Volcano  | Entered a volcano
  8984 | Volcano  | Noticed a red draconian
  8995 | Volcano  | Killed a red draconian
  9108 | Volcano  | Noticed an ogre mage
  9119 | Volcano  | Killed an ogre mage
  9231 | Lair:2   | Found a hole to the Spider Nest.
  9670 | Lair:3   | Reached skill level 10 in Armour
  9770 | Lair:3   | Noticed a seven-headed hydra
  9779 | Lair:3   | Killed a seven-headed hydra
  9896 | Lair:3   | Reached XP level 13. HP: 113/124 MP: 12/12
  9937 | Lair:3   | Reached skill level 17 in Maces & Flails
 10213 | Lair:3   | Found a staircase to the Swamp.
 10521 | Lair:4   | Received a gift from Okawaru
 11597 | Lair:6   | Entered Level 6 of the Lair of Beasts
 11808 | Lair:6   | Found a staircase to the Slime Pits.
 11808 | Lair:6   | Found a viscous altar of Jiyva.
 11893 | Lair:6   | Received a gift from Okawaru
 12106 | Lair:6   | Reached skill level 10 in Dodging
 12119 | Lair:6   | Reached skill level 15 in Fighting
 12150 | Lair:6   | HP: 4/126 [fire crab (3)]
 12150 | Lair:6   | Killed from afar by a molten gargoyle

Skill      XL: |  1  2  3  4  5  6  7  8  9 10 11 12 13 |
---------------+----------------------------------------+-----
Fighting       | 4 5 6 7 8 10 11 13 14 15 | 15.0
Maces & Flails | 3 5 6 7 9 11 13 15 16 17 | 17.6
Dodging        | 2 6 8 10 | 10.1
Armour         | 5 7 10 11 | 11.5
Shields        | |  3.6

Action                   |  1- 3 |  4- 6 |  7- 9 | 10-12 | 13-15 || total
-------------------------+-------+-------+-------+-------+-------++-------
Melee: Flail             |   102 |    90 |   162 |   517 |   217 ||  1088
       Headbutt          |    15 |    17 |    34 |   129 |    64 ||   259
       Punch             |       |       |       |     5 |     3 ||     8
       Great mace        |       |       |       |       |    36 ||    36
Invok: Heroism           |       |       |       |    10 |     5 ||    15
  Use: Scroll            |    10 |    12 |     5 |     9 |     3 ||    39
       Potion            |       |       |       |     1 |     1 ||     2
 Stab: Distracted        |       |       |       |     1 |       ||     1
  Eat: Chunk             |     1 |     4 |     7 |    15 |     7 ||    34
       Fruit             |       |       |       |     2 |       ||     2
       Pizza             |       |       |       |     1 |       ||     1
Armor: Scale mail        |    64 |    47 |     2 |       |       ||   113
       Ring mail         |       |       |    83 |   248 |   150 ||   481
Dodge: Dodged            |    60 |    45 |    63 |   254 |   210 ||   632
